 Dungeon Crawl Stone Soup version 0.31.0-1-g2c135a0 (webtiles) character file.

Game seed: 8438344401358602163

81 TobyRickard the Cudgeller (level 4, -3/40 HPs)
             Began as a Minotaur Berserker on Feb 2, 2024.
             Was a Follower of Trog.
             Slain by a +5 spear "Ettarag" {spect, Str+5} (8 damage)
             ... created by a kobold
             ... on level 2 of the Dungeon.
             The game lasted 00:03:13 (1190 turns).

TobyRickard the Cudgeller (Minotaur Berserker)      Turns: 1190, Time: 00:03:14

Health: -3/40      AC:  2    Str: 24    XL:     4   Next: 20%
Magic:  3/3        EV: 12    Int:  4    God:    Trog [*.....]
Gold:   95         SH:  0    Dex:  9    Spells: 3/3 levels left

rFire   . . .        i - +0 flail
rCold   . . .        (no shield)
rNeg    . . .        b - +0 animal skin
rPois   .            (helmet restricted)
rElec   .            (no cloak)
rCorr   .            (no gloves)
SInv    .            (no boots)
Will    .....        (no amulet)
Stlth   +            (no ring)
HPRegen 0.26/turn    (no ring)
MPRegen 0.08/turn

%: no passive effects
@: no status effects
A: horns 2, retaliatory headbutt
a: Renounce Religion, Berserk


You were on level 2 of the Dungeon.
You worshipped Trog.
Trog was aware of your devotion.
You visited 1 branch of the dungeon, and saw 2 of its levels.

You collected 95 gold pieces.

Inventory:

Hand Weapons
 i - a +0 flail (weapon)
Armour
 b - a +0 animal skin (worn)
Scrolls
 c - a scroll of teleportation {unknown}
 d - a scroll of blinking {unknown}
 e - a scroll of amnesia {unknown}
 f - a scroll of fog {unknown}
 g - a scroll of identify {unknown}


   Skills:
 - Level 3.7 Fighting
 + Level 5.9 Maces & Flails
 - Level 2.5 Armour
 - Level 2.3 Dodging


You had 3 spell levels left.
You didn't know any spells.
Your spell library was empty.

Dungeon Overview and Level Annotations

Branches:
Dungeon (2/15)

Altars:

Shops:
D:1 *


Innate Abilities, Weirdness & Mutations

You have a pair of horns on your head.
You reflexively headbutt those who attack you in melee.


Message History

You feel sick.
You are no longer poisoned.
You now have 95 gold pieces (gained 8).
Key pressed, stopping explore.
A giant cockroach comes into view.
A giant cockroach is nearby!
The giant cockroach closely misses you. The giant cockroach closely misses you.
You furiously retaliate!
You headbutt the giant cockroach.
The giant cockroach completely misses you.
The giant cockroach bites you but does no damage.
You sock the giant cockroach!
You kill the giant cockroach!
Trog accepts your kill.
Found a dagger.
You see here a +0 dagger.
A jackal comes into view.
A jackal is nearby!
You miss the jackal.
The jackal bites you but does no damage.
The jackal closely misses you.
You barely miss the jackal. The jackal bites you.
You hit the jackal but do no damage. The jackal bites you.
The jackal closely misses you. You furiously retaliate!
You headbutt the jackal!
You kill the jackal!
Trog accepts your kill.
A kobold comes into view.
It is wielding the +5 spear "Ettarag" {spect, Str+5}.
The kobold shouts!
The kobold barely misses you.
The +5 spear "Ettarag" {spect, Str+5} hits you!
A +5 spear "Ettarag" {spect, Str+5} comes into view.
The kobold hits you with the +5 spear "Ettarag" {spect, Str+5}.
The +5 spear "Ettarag" {spect, Str+5} hits you from afar!
* * * LOW HITPOINT WARNING * * *
You closely miss the kobold.
The kobold hits you with the +5 spear "Ettarag" {spect, Str+5}.
* * * LOW HITPOINT WARNING * * *
The +5 spear "Ettarag" {spect, Str+5} hits you!
You die...

#.# ####.## #.
......# #. ####..#
#.# #.....# ##.##
#.###.# ...# #.# #.#
#..# #.# #.# #(K# #.#
#.# #.@# #.# #.#
#######..# #.# #.#
#........# #.# #.#
#.#####..#
#.###.###.###.......
#.......)........####
#########.#####..#
#.# #..# #.# #..#


You could see a +5 spear "Ettarag" {spect, Str+5} (wandering) and a kobold.

Vanquished Creatures
  4 gnolls (D:2)
  An adder (D:2)
  2 dart slugs
  2 bats (D:1)
  6 endoplasms
  3 giant cockroaches
  A goblin (D:1)
  4 jackals
  A kobold (D:1)
  2 quokkas
  A ball python (D:1)
  A frilled lizard (D:1)
  A rat (D:1)
29 creatures vanquished.

Notes
Turn   | Place    | Note
-------+----------+-------------------------------------------
     0 | D:1      | TobyRickard the Minotaur Berserker began the quest for the
                  | Orb.
     0 | D:1      | Reached XP level 1. HP: 19/19 MP: 0/0
   111 | D:1      | Found Riunimav's Assorted Antiques.
   126 | D:1      | Reached skill level 4 in Maces & Flails
   149 | D:1      | Reached XP level 2. HP: 25/27 MP: 1/1
   863 | D:2      | Reached skill level 5 in Maces & Flails
   863 | D:2      | Reached XP level 3. HP: 33/33 MP: 2/2
   975 | D:2      | Reached XP level 4. HP: 37/40 MP: 3/3
  1186 | D:2      | Identified the +5 spear "Ettarag" {spect, Str+5}
  1190 | D:2      | Slain by a +5 spear "Ettarag" {spect, Str+5}

Illustrated notes

Levels and vault maps discovered:
D:1:      dpeg_arrival_castle, layout_basic, serial_shops, shop
D:2:      layout_loops_ring, uniq_robin

Skill      XL: |  1  2 |
---------------+-------+-----
Maces & Flails | 4 5 |  5.9
Fighting       | |  3.7
Armour         | |  2.5
Dodging        | |  2.3

Action                     |  1- 3 |  4- 6 || total
---------------------------+-------+-------++-------
  Melee: Mace              |    39 |       ||    39
         Headbutt          |     9 |     2 ||    11
         Flail             |     2 |    12 ||    14
 Invoke: Berserk           |     1 |       ||     1
 Armour: Animal skin       |    26 |    14 ||    40
  Dodge: Dodged            |    23 |    11 ||    34
